 Dungeon Crawl Stone Soup version 0.30.0-29-ga12c61a403 (webtiles) character file.

Game seed: 13732326759542461805

1638 Fecro the Covert (level 8, -2/39 HPs)
             Began as a Spriggan Brigand on June 20, 2023.
             Succumbed to a centaur's poison
             ... on level 6 of the Dungeon.
             The game lasted 00:28:27 (7942 turns).

Fecro the Covert (Spriggan Brigand)                 Turns: 7942, Time: 00:28:27

Health: -2/39      AC:  3    Str:  7    XL:     8   Next: 66%
Magic:  9/9        EV: 19    Int: 13    God:
Gold:   276        SH:  0    Dex: 18    Spells: 7/7 levels left

rFire   . . .        a - +2 dagger
rCold   . . .        B - orb {mayhem}
rNeg    . . .        b - +0 robe
rPois   .            (helmet restricted)
rElec   .            c - +0 cloak
rCorr   .            (gloves unavailable)
SInv    +            (boots unavailable)
Will    +....        (no amulet)
Stlth   +++++        (no ring)
HPRegen 0.26/turn    (no ring)
MPRegen 0.11/turn

%: mayhem
@: lethally poisoned (-2 -> -18), very quick
A: very small, no large weapons, unfitting armour, see invisible, speed 3
a: no special abilities


You were on level 6 of the Dungeon.
You visited 1 branch of the dungeon, and saw 7 of its levels.
You also visited: Ossuary.

You collected 276 gold pieces.

Inventory:

Hand Weapons
 a - a +2 dagger (weapon)
Missiles
 d - 5 poisoned darts (quivered)
 e - 2 curare-tipped darts
 j - 64 stones
 n - a throwing net
Armour
 b - a +0 robe (worn)
 c - a +0 cloak (worn)
 B - an orb of mayhem (worn)
Wands
 r - a wand of digging (6)
 y - a wand of roots (1)
 D - a wand of polymorph (6)
Scrolls
 g - 4 scrolls of identify {unknown}
 h - 3 scrolls of teleportation
 k - a scroll of vulnerability {unknown}
 o - 2 scrolls of poison {unknown}
 q - a scroll of immolation {unknown}
 t - a scroll of magic mapping {unknown}
 u - 3 scrolls of amnesia {unknown}
 v - a scroll of fog {unknown}
 w - a scroll of fear {unknown}
 F - 3 scrolls of noise {unknown}
Potions
 f - a potion of berserk rage {unknown}
 i - 6 potions of curing {unknown}
 l - a potion of lignification {unknown}
 m - 2 potions of might {unknown}
 p - 2 potions of heal wounds {unknown}
 s - a potion of brilliance {unknown}
 x - a potion of degeneration {unknown}
 z - a potion of attraction {unknown}
 A - a potion of invisibility {unknown}
 C - a potion of flight {unknown}
 E - a potion of magic {unknown}


   Skills:
 + Level 2.8 Fighting
 + Level 5.4 Short Blades
 * Level 5.7 Throwing
 + Level 4.3 Dodging
 * Level 12.3 Stealth
 + Level 1.1 Evocations


You had 7 spell levels left.
You didn't know any spells.
Your spell library contained the following spells:

 Spells                   Type           Power      Damage    Failure   Level
 Beastly Appendage        Tmut           0%         N/A       30%         1
 Kiss of Death            Conj/Necr      0%         2d5       30%         1
 Cigotuvi's Dreadful Rot  Necr/Pois/Air  0%         N/A       43%         2
 Scorch                   Fire           0%         2d5       43%         2
 Wereblood                Tmut           0%         N/A       43%         2
 Confusing Touch          Hex            0%         N/A       67%         3
 Ignite Poison            Fire/Tmut/Pois 0%         N/A       67%         3
 Spider Form              Tmut/Pois      0%         N/A       67%         3
 Dispel Undead            Necr           0%         3d6       97%         4
 Flame Wave               Conj/Fire      0%         2d4       97%         4
 Agony                    Necr           0%         N/A       100%        5
 Freezing Cloud           Conj/Ice/Air   0%         6-21      100%        5
 Summon Cactus Giant      Summ           0%         N/A       100%        6
 Borgnjor's Revivificati  Necr           0%         N/A       100%        8


Dungeon Overview and Level Annotations

Branches:
Dungeon (7/15)            Ossuary (visited)
 Temple: D:4-7

Altars:
Okawaru
Sif Muna
The Shining One

Shops:
D:4 :   D:5 =


Innate Abilities, Weirdness & Mutations

You are very small and have problems with some larger weapons.
You are too small for most types of armour.
You have supernaturally acute eyesight. (SInv)
You cover ground extremely quickly. (Speed+++)


Message History

Your surroundings suddenly seem different.
Welcome back, Fecro the Spriggan Brigand.
Press ? for a list of commands and other information.
You start resting.
HP restored.
Done exploring.
There is a stone staircase leading down here.
You completely miss the centaur.
The centaur shouts!
The centaur unwields a +0 shortbow.
The centaur wields a +1 whip of venom.
It begins to drip with poison!
The centaur misses you. The centaur closely misses you.
You barely miss the centaur. You hit the centaur but do no damage.
The centaur hits you with a +1 whip of venom.
The centaur kicks you.
You hit the centaur.
The centaur is lightly wounded.
The centaur misses you. x2; The centaur completely misses you.
The centaur misses you.
You hit the centaur but do no damage.
The centaur is lightly wounded.
The centaur hits you with a +1 whip of venom.
You are poisoned.
The centaur kicks you but does no damage.
You hit the centaur.
The centaur is lightly wounded.
You feel sick.
The centaur hits you with a +1 whip of venom!
You are lethally poisoned!
The centaur kicks you.
* * * LOW HITPOINT WARNING * * *
You feel very sick.
The centaur unwields a +1 whip of venom.
It stops dripping with poison.
The centaur wields a +0 shortbow.
The centaur shoots an arrow.
The arrow hits you!
* * * LOW HITPOINT WARNING * * *
* * * LOW HITPOINT WARNING * * *
You feel sick.
You die...

#...#................##..#.#
##....##############.....#.#
##...#### #..........#)#
########.#....######.####...#.#.#
#..........##...##..........#.#)#
#..........####.##.#.###......#.#
#..........# #.##.#........#.#.#
#..........####..#.#..#.#.#.#.#.#
#..........#...#@..#..#...#.#.#.#
#..........#...##..#..#...#.#.#.#
#..........#...##...........#.#.#
########.#.#...###>...##..###.#.#
########.#.#...###c##.##......#.#
..............................#.#
############...###.##.#...###.#.#
............#####...#.#...# #.#.#
###########.# #...#.#...# #.#.#


You could see a centaur.

Vanquished Creatures
  A water moccasin (D:5)
  2 black bears
  3 ogres (D:5)
  Blork the orc (D:4)
  A gnoll sergeant (D:6)
  3 scorpions
  2 howler monkeys
  2 orc priests
  3 hounds
  Crazy Yiuf (D:2)
  4 iguanas
  3 orc wizards
  2 sleepcaps (D:6)
  7 gnolls
  10 adders
  2 white imps
  A worm (D:4)
  19 orcs
  7 ball pythons
  6 bats
  7 endoplasms
  4 giant cockroaches
  9 goblins
  5 hobgoblins
  6 quokkas
  5 frilled lizards
  7 kobolds
  6 rats
129 creatures vanquished.

Vanquished Creatures (collateral kills)
  An orc priest (D:6)
  An orc (D:6)
2 creatures vanquished.

Grand Total: 131 creatures vanquished

Notes
Turn   | Place    | Note
-------+----------+-------------------------------------------
     0 | D:1      | Fecro the Spriggan Brigand began the quest for the Orb.
     0 | D:1      | Reached XP level 1. HP: 10/10 MP: 2/2
    71 | D:1      | Reached skill level 6 in Stealth
   160 | D:1      | Reached XP level 2. HP: 13/14 MP: 3/3
   487 | D:1      | Found a faded altar of an unknown god.
  1081 | D:2      | Reached XP level 3. HP: 18/18 MP: 4/4
  1114 | D:2      | Reached skill level 7 in Stealth
  1271 | D:2      | Reached XP level 4. HP: 21/22 MP: 5/5
  1636 | D:2      | Found a runed translucent door.
  1637 | D:2      | Noticed Crazy Yiuf
  1657 | D:2      | Killed Crazy Yiuf
  1901 | D:3      | Identified the +9 hand axe of Internal Strife {flame, rN+
                  | Str-4 Dex+4 Stlth+}
  1927 | D:3      | Reached skill level 8 in Stealth
  2089 | D:3      | Reached XP level 5. HP: 23/26 MP: 6/6
  2162 | D:3      | Found an iron altar of Okawaru.
  2859 | D:4      | Found Xigao's Vocational Training.
  2870 | D:4      | Reached skill level 9 in Stealth
  2903 | D:4      | Noticed Blork the orc
  2935 | D:4      | Killed Blork the orc
  2936 | D:4      | Reached XP level 6. HP: 29/30 MP: 7/7
  3736 | D:4      | Found a glowing golden altar of the Shining One.
  4078 | D:5      | Entered Level 5 of the Dungeon
  4242 | D:5      | Reached skill level 10 in Stealth
  4361 | D:5      | Found Hehokky's Jewellery Shop.
  4395 | D:5      | Reached XP level 7. HP: 35/35 MP: 8/8
  4842 | D:5      | Reached skill level 11 in Stealth
  4927 | D:5      | Reached XP level 8. HP: 37/39 MP: 9/9
  4988 | D:5      | Reached skill level 5 in Short Blades
  5287 | D:6      | Got Ysihacid's Compilation of Gloom
  5478 | D:6      | Found a sand-covered staircase.
  5483 | Ossuary  | Entered an ossuary
  5839 | D:6      | Reached skill level 5 in Throwing
  6010 | D:6      | Found a shimmering blue altar of Sif Muna.
  6111 | D:6      | Reached skill level 1 in Evocations
  6595 | D:6      | Reached skill level 12 in Stealth
  7941 | D:6      | HP: 1/39 [poisoned by a centaur]
  7942 | D:6      | Succumbed to a centaur's poison

Illustrated notes

Levels and vault maps discovered:
D:1:      dpeg_arrival_water_temple_mockup, layout_basic,
          shapermc_ecumenical_altar_totnotflames
D:2:      layout_loops_ring, uniq_crazy_yiuf_cottage
D:3:      layout_loops_ring, okawaru_metal_pillars_1_2
D:4:      layout_loops_corners, tso_oasis_becter,
          amcnicky_mini_corridor_feature, nicolae_shop_vocational,
          uniq_blork_the_orc
D:5:      layout_gridville, serial_shops, nicolae_take_the_stairs
D:6:      layout_basic, led_sif_pool, enter_ossuary_2
D:7:      hellmonk_crumbling_castle, layout_basic,
          nicolae_overflow_crystal_walls, minmay_temple_entry_fiery,
          enter_bailey_2, hellmonk_ghost_happy_afterlife,
          kennysheep_generic_room_14

Skill      XL: |  1  2  3  4  5  6  7  8 |
---------------+-------------------------+-----
Stealth        | 6 7 8 9 10 11 12 | 12.3
Dodging        | 2 3 4 |  4.3
Short Blades   | 3 4 5 |  5.4
Fighting       | 2 |  2.8
Throwing       | 3 4 5 |  5.7
Evocations     | 1 |  1.1

Action                     |  1- 3 |  4- 6 |  7- 9 || total
---------------------------+-------+-------+-------++-------
  Melee: Dagger            |    69 |   197 |   168 ||   434
         Punch             |       |     2 |     1 ||     3
  Throw: Dart              |     4 |    23 |    32 ||    59
  Evoke: Wand              |       |       |    12 ||    12
    Use: Scroll            |       |     1 |     2 ||     3
   Stab: Sleeping          |    11 |    20 |     7 ||    38
         Distracted        |     1 |     2 |       ||     3
 Armour: Robe              |     2 |    18 |    10 ||    30
  Dodge: Dodged            |    44 |    95 |   114 ||   253
